 Dungeon Crawl Stone Soup version 0.29.1-2-gbd0b4ee654 (webtiles) character file.

Game seed: 11480123830496576972

443 warriortoast the Sneak (level 6, -2/28 HPs)
             Began as a Spriggan Enchanter on Nov 18, 2022.
             Succumbed to a kobold brigand's curare-tipped dart
             ... in a sewer.
             The game lasted 00:12:13 (5210 turns).

warriortoast the Sneak (Spriggan Enchanter)         Turns: 5210, Time: 00:12:14

Health: -2/28      AC:  4    Str:  6    XL:     6   Next: 71%
Magic:  13/13      EV: 18    Int: 17    God:
Gold:   191        SH:  0    Dex: 15    Spells: 4/13 levels left

rFire   . . .      SeeInvis +   e - +1 sling (freeze)
rCold   . . .      Faith    .   (no shield)
rNeg    . . .      Spirit   .   r - +2 robe {Will+}
rPois   .          Reflect  .   (helmet restricted)
rElec   .          Harm     .   (no cloak)
rCorr   .          Rampage  .   (gloves unavailable)
Will    ++...                   (boots unavailable)
Stlth   +++.......              (no amulet)
HPRegen 0.09/turn               (no ring)
MPRegen 0.13/turn               (no ring)

@: lethally poisoned (-2 -> -41), slowed, quick
A: very small, no large weapons, unfitting armour, see invisible, speed 3
a: no special abilities


You were in a sewer.
You visited 1 branch of the dungeon, and saw 5 of its levels.
You also visited: Sewer.

You collected 191 gold pieces.

Inventory:

Hand Weapons
 a - a +1 dagger
 e - a +1 sling of freezing (weapon)
Armour
 b - a +0 robe
 r - a +2 robe of willpower (worn)
Jewellery
 p - a ring of ice
Scrolls
 g - a scroll of acquirement {unknown}
 i - a scroll of noise {unknown}
 j - 2 scrolls of magic mapping
 s - 9 scrolls of teleportation
Potions
 c - 2 potions of invisibility
 d - 3 potions of haste {unknown}
 f - 5 potions of curing
 h - 4 potions of degeneration {unknown}
 k - 3 potions of cancellation {unknown}
 l - a potion of might {unknown}
 m - a potion of mutation {unknown}
 o - a potion of flight {unknown}
 q - a potion of lignification {unknown}
 t - a potion of heal wounds {unknown}


   Skills:
 + Level 3.2 Short Blades
 + Level 1.9 Ranged Weapons
 + Level 4.6 Dodging
 + Level 6.5 Stealth
 + Level 4.3 Spellcasting
 + Level 5.1 Hexes


You had 4 spell levels left.
You knew the following spells:

 Your Spells              Type           Power      Damage    Failure   Level
a - Ensorcelled Hibernat  Hex/Ice        24%        N/A       9%          2
b - Slow                  Hex            84%        N/A       1%          1
c - Confusing Touch       Hex            21%        N/A       5%          3
d - Tukima's Dance        Hex            21%        N/A       5%          3

Your spell library contained the following spells:

 Spells                   Type           Power      Damage    Failure   Level
 Dazzling Flash           Conj/Hex       24%        N/A       16%         3
 Vampiric Draining        Necr           3%         2d6       41%         3


Dungeon Overview and Level Annotations

Branches:
Dungeon (5/15)              Sewer (1/1)
 Temple: D:4-7

Altars:
Ru
Sif Muna
The Shining One

Annotations:
D:4 Dowan, Duvessa


Innate Abilities, Weirdness & Mutations

You are very small and have problems with some larger weapons.
You are too small for most types of armour.
You have supernaturally acute eyesight. (SInv)
You cover ground extremely quickly. (Speed+++)


Message History

The kobold brigand is lightly wounded.
The kobold brigand throws a curare-tipped dart.
The curare-tipped dart barely misses you.
You enter the shallow water.
Moving in this stuff is going to be slow.
You shoot a sling bullet.
The sling bullet hits the kobold brigand.
The sling bullet freezes the kobold brigand.
The kobold brigand is moderately wounded.
You shoot a sling bullet.
The sling bullet closely misses the kobold brigand.
The sling bullet closely misses the kobold.
You shoot a sling bullet.
The sling bullet completely misses the kobold brigand.
The sling bullet hits the kobold.
The sling bullet freezes the kobold.
The kobold is heavily wounded.
You shoot a sling bullet.
The sling bullet barely misses the kobold brigand.
You enter the shallow water.
Moving in this stuff is going to be slow.
The kobold brigand throws a curare-tipped dart.
The curare-tipped dart barely misses you.
The kobold brigand throws a curare-tipped dart.
The curare-tipped dart completely misses you.
You shoot a sling bullet. The sling bullet hits the kobold.
The sling bullet freezes the kobold.
You kill the kobold!
The kobold brigand throws a curare-tipped dart.
The curare-tipped dart misses you.
The kobold brigand throws a curare-tipped dart.
The curare-tipped dart hits you.
You are poisoned.
You have difficulty breathing.
You feel yourself slow down.
The kobold brigand throws a curare-tipped dart.
The curare-tipped dart hits you.
You are lethally poisoned!
You have difficulty breathing.
You feel as though you will be slow longer.
Ouch! That really hurt!
You die...

##### ##### ##~..## ##.~.##
~#####...~~#####.....#
?.....~~.K.~~~~~.....#
..####~~...#####@...~# ##~~.##
##†~.## ##≈## ##~## #≈# #~# #≈#
#~# ## ##≈## ##~## ##### .##
##~~~## ##~)~## ##.~~##
..####.....#####~..~.####....~#
.~~~~~.~.~~≈≈≈≈≈~.∩.~~~~~~..~.#


You could see a kobold brigand.

Vanquished Creatures
  3 scorpions (D:5)
  A jelly (D:5)
  2 orc wizards (D:3)
  10 adders
  An ufetubus (D:3)
  2 worms
  4 dart slugs
  4 orcs
  10 endoplasms
  3 giant cockroaches
  4 goblins
  5 hobgoblins
  9 kobolds
  2 quokkas
  8 ball pythons
  8 bats
  6 rats
82 creatures vanquished.

Notes
Turn   | Place    | Note
-------+----------+-------------------------------------------
     0 | D:1      | warriortoast the Spriggan Enchanter began the quest for the
                  | Orb.
     0 | D:1      | Reached XP level 1. HP: 9/9 MP: 5/5
   356 | D:1      | Reached XP level 2. HP: 13/13 MP: 6/6
   930 | D:2      | Learned a level 2 spell: Ensorcelled Hibernation
  1413 | D:2      | Learned a level 1 spell: Slow
  1416 | D:2      | Reached XP level 3. HP: 16/16 MP: 8/8
  1679 | D:2      | Reached skill level 5 in Stealth
  1915 | D:2      | Found a faded altar of an unknown god.
  2397 | D:3      | Reached XP level 4. HP: 21/21 MP: 7/10
  3270 | D:2      | Learned a level 3 spell: Confusing Touch
  3274 | D:2      | Learned a level 3 spell: Tukima's Dance
  3807 | D:3      | Found a sacrificial altar of Ru.
  4404 | D:4      | Reached XP level 5. HP: 23/24 MP: 11/11
  4572 | D:4      | Found a glowing golden altar of the Shining One.
  4577 | D:4      | Found a shimmering blue altar of Sif Muna.
  4657 | D:4      | Noticed Dowan
  4688 | D:4      | Noticed Duvessa
  4702 | D:5      | Entered Level 5 of the Dungeon
  4748 | D:5      | Reached skill level 1 in Ranged Weapons
  4748 | D:5      | Reached skill level 6 in Stealth
  4751 | D:5      | Found a glowing drain.
  4793 | D:5      | Reached XP level 6. HP: 28/28 MP: 9/13
  4815 | D:5      | Reached skill level 5 in Hexes
  4931 | Sewer    | Entered a sewer
  5210 | Sewer    | Succumbed to a kobold brigand's curare-tipped dart

Illustrated notes

Levels and vault maps discovered:
D:1:      minmay_arrival_plants_in_alcoves, layout_loops_ring
D:2:      layout_basic, shapermc_ecumenical_altar_hornbeckon, serial_rivers,
          chequers_serial_rivers_micro_b, chequers_serial_rivers_large_a,
          chequers_serial_rivers_room_a, chequers_serial_rivers_micro_e
D:3:      layout_loops_ring, mainiacjoe_overflow_six_doors_small
D:4:      layout_basic, mainiacjoe_overflow_catwalk_spiral,
          small_statue_intersection, uniq_duvessa
D:5:      layout_loops_ring, gup_sewer_entry_glass
Sewer:    sewer_co_15_rooms

Skill      XL: |  1  2  3  4  5  6 |
---------------+-------------------+-----
Dodging        | 3 4 |  4.6
Spellcasting   | 3 4 |  4.3
Hexes          | 4 5 |  5.1
Stealth        | 5 6 |  6.5
Short Blades   | 2 3 |  3.2
Ranged Weapons | 1 |  1.9

Action                   |  1- 3 |  4- 6 || total
-------------------------+-------+-------++-------
Melee: Dagger            |    77 |   155 ||   232
       Punch             |       |     1 ||     1
 Fire: Sling             |       |    47 ||    47
 Cast: Ensorcelled Hiber |    18 |    20 ||    38
       Confusing Touch   |       |     7 ||     7
  Use: Scroll            |       |     8 ||     8
 Stab: Sleeping          |    23 |    16 ||    39
       Confused          |       |     4 ||     4
Armor: Robe              |     8 |    17 ||    25
Dodge: Dodged            |    51 |   125 ||   176
